 Dungeon Crawl Stone Soup version 0.30-a0-50-gb2d611f6b1 (webtiles) character file.

Game seed: 11692974137855062809

0 spaghetti the Covert (level 1, 7/17 HPs)
             Began as a Gnoll Wanderer on Sept 4, 2022.
             Quit the game on level 1 of the Dungeon.
             The game lasted 00:00:09 (66 turns).

spaghetti the Covert (Gnoll Wanderer)                 Turns: 66, Time: 00:00:09

Health: 7/17       AC:  3    Str:  8    XL:     1   Next: 10%
Magic:  4/4        EV: 12    Int:  9    God:
Gold:   0          SH:  0    Dex: 16    Spells: 5/5 levels left

rFire   . . .      SeeInvis .    a - +0 dagger {short}
rCold   . . .      Faith    .    (no shield)
rNeg    . . .      Spirit   .    g - +0 robe
rPois   .          Reflect  .    e - +0 helmet
rElec   .          Harm     .    (no cloak)
rCorr   .          Rampage  .    (no gloves)
Will    .....                    (no boots)
Stlth   ++++......               (no amulet)
HPRegen 0.05/turn                (no ring)
MPRegen 0.09/turn                (no ring)

@: no status effects
A: fangs 1, strong nose, distributed training
a: no special abilities


You were on level 1 of the Dungeon.
You visited 1 branch of the dungeon, and saw 1 of its levels.


Innate Abilities, Weirdness & Mutations

You have very sharp teeth.
Your uncanny sense of smell can sniff out nearby items.
Your experience applies equally to all skills.


   Skills:
 + Level 2.3 Fighting
 + Level 0.0 Short Blades
 + Level 0.0 Long Blades
 + Level 0.0 Axes
 + Level 0.0 Maces & Flails
 + Level 0.0 Polearms
 + Level 2.3 Staves
 + Level 0.0 Ranged Weapons
 + Level 0.0 Throwing
 + Level 0.0 Armour
 + Level 2.3 Dodging
 + Level 9.5 Stealth
 + Level 0.0 Shields
 + Level 0.0 Unarmed Combat
 + Level 2.6 Spellcasting
 + Level 0.0 Conjurations
 + Level 0.0 Hexes
 + Level 0.0 Summonings
 + Level 0.0 Necromancy
 + Level 0.0 Translocations
 + Level 0.0 Transmutations
 + Level 0.0 Fire Magic
 + Level 0.0 Ice Magic
 + Level 0.0 Air Magic
 + Level 0.0 Earth Magic
 + Level 0.0 Poison Magic
 + Level 0.0 Invocations
 + Level 2.3 Evocations


You had 5 spell levels left.
You didn't know any spells.
Your spell library was empty.

Inventory:

Hand Weapons
 a - a +0 dagger (weapon) {short}
 d - a +0 quarterstaff {staff}
Missiles
 h - 5 stones (quivered) {throwing}
Armour
 e - a +0 helmet (worn)
 g - a +0 robe (worn)
Scrolls
 f - a scroll of fear

Dungeon Overview and Level Annotations

Branches:
Dungeon (1/15) Zot: 5933

Altars:

. (. ..( (g
#.###########
#...........#
###g@######.#
#....#..##..#
#.[.##...'..#
..... ##..##.#
#....###...#..#
##... #....#..#
# #..###...##..#
.# ...
#....#...###..#
##...###.......#


You could see a hobgoblin and a neutral hobgoblin (fast, strong, insane).


Message History

🤖 Initializing magus.rc ...
Options error: Delay interrupt name "hungry" not recognised. (~/.crawlrc:4761) Options error: Bad monster_list_colour key: strict_neutral (~/.crawlrc:4776) Bad channel name for runrest: 'pray:' ✅ Successfully initialized magus.rc [v1.9.6] Welcome, spaghetti the Gnoll Wanderer.
You feel drawn to the Orb of Zot, downwards into the unfathomable depths...
Press ? for a list of commands and other information.
Found an escape hatch in the floor.
Found a staircase leading out of the dungeon.
You begin with the following items: a +0 dagger {short}, 2 atropa-tipped darts {throwing}, 2 datura-tipped darts {throwing}, a +0 quarterstaff {staff}, a +0 helmet, a scroll of fear, a +0 robe.
h - 7 stones {throwing} You open the door.
Key pressed, stopping explore.
Found an escape hatch in the floor.
There is an open door here.
There is an open door here.
A frilled lizard comes into view.
You throw an atropa-tipped dart {throwing}.
The atropa-tipped dart {throwing} hits the frilled lizard.
The frilled lizard appears confused.
The frilled lizard hisses angrily.
You throw an atropa-tipped dart {throwing}.
The atropa-tipped dart {throwing} closely misses the frilled lizard.
The frilled lizard seems less confused.
A hobgoblin comes into view.
You throw a datura-tipped dart {throwing}.
The datura-tipped dart {throwing} hits the hobgoblin.
The hobgoblin flies into a frenzy!
The hobgoblin hits something!
You feel a bit more experienced.
You throw a datura-tipped dart {throwing}.
The datura-tipped dart {throwing} hits the hobgoblin.
You hear a shout! x2
You throw a stone {throwing}.
The stone {throwing} barely misses the hobgoblin.
You hear a shout!
You throw a stone {throwing}.
The stone {throwing} hits the hobgoblin.
The hobgoblin misses you.
You hear an angry hiss.
You hit the hobgoblin but do no damage. The hobgoblin closely misses you.
You hit the hobgoblin. The hobgoblin hits you.
A hobgoblin comes into view.
The hobgoblin hits you.
* * * LOW HITPOINT WARNING * * *
You are too injured to fight recklessly!
You are too injured to fight recklessly! 😨 HP[-10]
You take 10 damage, and now have 7/17 hp.
MASSIVE DAMAGE!! (PAUSE) Unknown command.
Unknown command.
Are you sure you want to abandon this character and quit the game? (Confirm with "yes".)

Skill      XL: | |
---------------+-+-----
Stealth        | |  9.5
Fighting       | |  2.3
Staves         | |  2.3
Dodging        | |  2.3
Spellcasting   | |  2.6
Evocations     | |  2.3

Action                   || total
-------------------------++-------
Melee: Dagger            ||     2
Throw: Dart              ||     4
       Stone             ||     2
Dodge: Dodged            ||     2

Levels and vault maps discovered:
D:1:      dpeg_arrival_long_road, layout_basic,
          dreamdust_ecumenical_altar_drowned_temple

Notes
Turn   | Place    | Note
-------+----------+-------------------------------------------
     0 | D:1      | Reached skill level 9 in Stealth
     0 | D:1      | spaghetti the Gnoll Wanderer began the quest for the Orb.
     0 | D:1      | spaghetti set off with the following items: a +0 dagger
                  | {short}, 2 atropa-tipped darts {throwing}, 2 datura-tipped
                  | darts {throwing}, a +0 quarterstaff {staff}, a +0 helmet, a
                  | scroll of fear, a +0 robe.
     0 | D:1      | Reached XP level 1. HP: 17/17 MP: 4/4
     0 | D:1      | magus.rc [v1.9.6]
    66 | D:1      | Quit the game

Vanquished Creatures (collateral kills)
  A frilled lizard (D:1)
1 creature vanquished.

Table legend:
 A = Non-vault XP
 B = Vault XP
 C = Vault XP percentage of total XP
 D = Non-vault monster count
 E = Vault monster count
 F = Vault count percentage of total count
                 A         B        C        D         E       F
            +---------+---------+-------+---------+---------+-------
      Total |       1 |       0 |   0.0 |       1 |       0 |   0.0
            +---------+---------+-------+---------+---------+-------
        D:1 |       1 |       0 |   0.0 |       1 |       0 |   0.0
            +---------+---------+-------+---------+---------+-------

Illustrated notes

Table legend:
 A = Kills in this place as a percentage of kills in entire the game.
 B = Kills by you in this place as a percentage of kills by you in the entire game.
 C = Kills by friends in this place as a percentage of kills by friends in the entire game.
 D = Other kills in this place as a percentage of other kills in the entire game.
 E = Experience gained in this place as a percentage of experience gained in the entire game.
 F = Experience gained in this place divided by the number of levels of this place that you have seen.
                   A       B       C       D       E      F
               +-------+-------+-------+-------+-------+----------------------
         Total | 100.0 |   N/A | 100.0 |   N/A | 100.0 |   1.0
       Dungeon | 100.0 |   N/A | 100.0 |   N/A | 100.0 |   1.0
               +-------+-------+-------+-------+-------+----------------------

Table legend: (Time is in decaauts)
 A = Elapsed time spent in this place.
 B = Non-inter-level travel time spent in this place.
 C = Inter-level travel time spent in this place.
 D = Time resting spent in this place.
 E = Time spent auto-exploring this place.
 F = Levels seen in this place.
 G = Mean time per level.
                   A        B        C        D        E       F      G
               +--------+--------+--------+--------+--------+-----+--------+
         Total |     66 |     66 |      0 |      0 |     56 |   1 |   66.0 |
       Dungeon |     66 |     66 |      0 |      0 |     56 |   1 |   66.0 |
               +--------+--------+--------+--------+--------+-----+--------+

Top non-repeatable levels by time:
     D:1: 66 daAuts
